 Dungeon Crawl Stone Soup version 0.32-a0-938-g40ac7a0 (webtiles) character file.

Game seed: 13103367667056167963

20071 Partyfoot the Fighter (level 12, -7/118 HPs)
             Began as a Minotaur Berserker on Apr 19, 2024.
             Was an Elder of Trog.
             Mangled by a boulder beetle (12 damage)
             ... on level 13 of the Dungeon.
             The game lasted 00:42:29 (12154 turns).

Partyfoot the Fighter (Minotaur Berserker)         Turns: 12154, Time: 00:42:30

Health: -7/118     AC: 12    Str: 30    XL:     12   Next: 42%
Magic:  11/11      EV: 10    Int:  6    God:    Trog [****..]
Gold:   467        SH:  5    Dex: 11    Spells: 11/11 levels left

rFire   + . .        H - +1 demon whip (elec)
rCold   + . .        D - +0 buckler
rNeg    . . .        q - +2 scale mail {rF+}
rPois   .            (helmet restricted)
rElec   .            x - +0 cloak
rCorr   .            (no gloves)
SInv    .            (no boots)
Will    .....        (no amulet) Stlth
                     o - +6 ring of strength
HPRegen 0.39/turn    F - ring of protection from cold
MPRegen 0.12/turn

%: no passive effects
@: on berserk cooldown, slowed, very slow
A: horns 2, retaliatory headbutt
a: Renounce Religion, Berserk, Trog's Hand, Brothers in Arms


You were on level 13 of the Dungeon.
You worshipped Trog.
Trog was greatly pleased with you.
You visited 1 branch of the dungeon, and saw 13 of its levels.

You collected 681 gold pieces.
You spent 214 gold pieces at shops.

Inventory:

Hand Weapons
 i - a +4 battleaxe
 C - a +0 demon whip of venom
 H - a +1 demon whip of electrocution (weapon)
Missiles
 a - 3 silver javelins (quivered)
Armour
 q - a +2 scale mail of fire resistance (worn)
 x - a +0 cloak (worn)
 D - a +0 buckler (worn)
Jewellery
 k - a ring of resist corrosion
 o - a +6 ring of strength (left hand)
 E - a ring of ice
 F - a ring of protection from cold (right hand)
 L - the ring "Taytili" {*Corrode rC+ Int+5}
   (You found it on level 13 of the Dungeon)

   [ring of protection from cold]

   Int+5:     It affects your intelligence (+5).
   rC+:       It protects you from cold.
   *Corrode:  It may corrode you when you take damage.
Wands
 b - a wand of paralysis (12)
 m - a wand of mindburst (24)
 w - a wand of flame (31)
 B - a wand of digging (9)
 I - a wand of iceblast (4)
Scrolls
 d - 2 scrolls of identify
 f - 4 scrolls of vulnerability
 t - a scroll of summoning
 y - 2 scrolls of teleportation
 G - 3 scrolls of fog
 J - a scroll of fear {unknown}
Potions
 c - 2 potions of heal wounds {unknown}
 e - 3 potions of haste
 g - 5 potions of ambrosia
 h - 4 potions of berserk rage
 j - 2 potions of cancellation {unknown}
 l - a potion of might {unknown}
 n - 2 potions of magic
 p - 3 potions of mutation
 r - 3 potions of brilliance
 s - 2 potions of curing
 u - a potion of degeneration {unknown}
 v - 2 potions of resistance {unknown}
 z - a potion of lignification {unknown}
 A - a potion of enlightenment {unknown}
 K - a potion of invisibility {unknown}


   Skills:
 + Level 14.8 Fighting
 - Level 12.0(13.1) Axes
 + Level 8.6(11.5) Maces & Flails
 - Level 9.7 Armour
 - Level 2.1 Dodging
 + Level 8.5 Shields
 - Level 5.0 Evocations


You had 11 spell levels left.
You didn't know any spells.
Your spell library was empty.

Dungeon Overview and Level Annotations

Branches:
Dungeon (13/15)            Temple (0/1) D:7            Lair (0/5) D:11
    Orc (0/2) D:10
 Vaults: D:13-14

Altars:
Ashenzari
Cheibriados
Kikubaaqudgha
Sif Muna
Trog
Uskayaw
Vehumet
Xom
Yredelemnul
The Shining One
Beogh

Shops:
D:1 [   D:2 [   D:7 *   D:9 (:[

Portals:
Trove: D:12 (give plate armour of Inviolability)

Annotations:
D:9 2 transporters
D:11 exclusion: oklob plant


Innate Abilities, Weirdness & Mutations

You have a pair of horns on your head.
You reflexively headbutt those who attack you in melee.


Message History

You thrash the manticore!!
Lightning courses through the manticore!!
You kill the manticore!
Trog accepts your kill.
Found 24 gold pieces.
You feel a strong urge to attack something.
The large door flies open with a bang!
A boulder beetle and a cyclops come into view.
The cyclops shouts!
You hear a howl!
You hear a shout! x3
Found 21 gold pieces.
You feel your anger nearly subside.
You are no longer berserk.
You are exhausted.
You feel yourself slow down.
The cyclops throws a large rock.
The large rock barely misses you.
There is a large open door here.
A howler monkey opens the large door.
A kobold demonologist comes into view. It is wielding a +0 dagger.
The kobold demonologist looks satisfied for a moment.
An ironbound preserver comes into view. It is wielding a +0 great mace.
You block the boulder beetle's attack.
A howler monkey comes into view.
The boulder beetle bites you.
* * * LOW HITPOINT WARNING * * *
The cyclops hits you!
* * * LOW HITPOINT WARNING * * *
A cyclops opens the large door.
A kobold demonologist comes into view. It is wielding a +0 dagger.
A boulder beetle comes into view.
You whack the boulder beetle!
Your headbutt misses the boulder beetle.
The boulder beetle is moderately wounded.
The howler monkey hoots and howls with incredible vigour!
The boulder beetle bites you but does no damage.
You hear a shout!
Your ogre goes berserk!
Trog will no longer gift you weapons. The cyclops hits you.
* * * LOW HITPOINT WARNING * * *
The boulder beetle bites you!
You die...

..##+###...........#
#.####......#
#.#.........#
#######..#######
#$... #..#....$#
#.....#..#.....#
#.....#..#.....#
#.....'..#.CB..#
#.....†..#O@...#
#######..#''####.
......$.........#
..........h.$...#
######B.#''####.#
C'..#..pK.# #
..'..#.....#
..#..#... .# #..#


You could see an ironbound preserver, 2 boulder beetles, 2 cyclopes, a kobold
demonologist, a howler monkey and a friendly ogre (summoned, berserk).

Vanquished Creatures
  A balrug (D:11)
  Erolcha (D:11)
  A centaur warrior (D:13)
  4 two-headed ogres
  2 boulder beetles
  Amaemon (D:9)
  An arcanist (D:13)
  An ugly thing (D:13)
  2 manticores
  2 cyclopes
  An unseen horror (D:12)
  An orange demon (D:9)
  A komodo dragon (D:10)
  Jeremiah (D:6)
  3 trolls
  2 hornets
  5 slime creatures (D:12)
  3 shadows
  Sigmund (D:5)
  4 wraiths
  3 yaks (D:10)
  2 basilisks
  3 vampire mosquitoes (D:12)
  3 water moccasins
  14 orc warriors
  An ice beast (D:5)
  3 black bears (D:5)
  3 sky beasts
  9 ogres
  2 centaurs
  A phantom (D:6)
  A gnoll sergeant (D:8)
  4 bullfrogs
  6 scorpions
  8 wights (D:6)
  18 killer bees
  4 howler monkeys
  An electric eel (D:10)
  3 hounds
  2 bombardier beetles
  4 jellies
  11 orc priests
  2 sleepcaps
  4 iguanas
  7 orc wizards
  Robin (D:2)
  8 gnolls
  4 adders
  2 shadow imps
  A white imp (D:6)
  2 ufetubi (D:5)
  A dart slug (D:3)
  51 orcs
  3 endoplasms
  A giant cockroach (D:3)
  10 goblins
  8 hobgoblins
  4 jackals (D:1)
  5 quokkas
  9 ball pythons
  3 bats
  2 kobolds (D:4)
  5 rats
277 creatures vanquished.

Vanquished Creatures (others)
  A black bear (D:4)
1 creature vanquished.

Grand Total: 278 creatures vanquished

Notes
Turn   | Place    | Note
-------+----------+-------------------------------------------
     0 | D:1      | Partyfoot the Minotaur Berserker began the quest for the
                  | Orb.
     0 | D:1      | Reached XP level 1. HP: 19/19 MP: 0/0
   101 | D:1      | Found Waef's Armour Shoppe.
   229 | D:1      | Reached XP level 2. HP: 23/27 MP: 1/1
   390 | D:1      | Reached skill level 4 in Fighting
   696 | D:2      | Reached XP level 3. HP: 33/33 MP: 2/2
   785 | D:2      | Noticed Robin
   788 | D:2      | Reached ** piety under Trog
   798 | D:2      | Killed Robin
  1035 | D:2      | Found Giguuweeja's Armour Shoppe.
  1080 | D:2      | Found a faded altar of an unknown god.
  1485 | D:3      | Reached XP level 4. HP: 35/41 MP: 3/3
  2076 | D:4      | Noticed a scorpion
  2082 | D:4      | Killed a scorpion
  2083 | D:4      | Reached skill level 5 in Fighting
  2083 | D:4      | Reached skill level 5 in Axes
  2083 | D:4      | Reached XP level 5. HP: 48/48 MP: 4/4
  2241 | D:4      | Found a shimmering altar of Xom.
  2241 | D:4      | Noticed a black bear
  2300 | D:4      | Killed a black bear
  2327 | D:4      | Reached XP level 6. HP: 49/57 MP: 5/5
  2398 | D:4      | Reached skill level 5 in Armour
  2429 | D:4      | Reached skill level 6 in Fighting
  2788 | D:5      | Entered Level 5 of the Dungeon
  2798 | D:5      | Reached XP level 7. HP: 64/64 MP: 6/6
  3003 | D:5      | Reached skill level 7 in Fighting
  3008 | D:5      | Reached XP level 8. HP: 73/73 MP: 7/7
  3342 | D:5      | Noticed Sigmund
  3349 | D:5      | Killed Sigmund
  3350 | D:5      | Reached skill level 8 in Fighting
  3989 | D:6      | Reached *** piety under Trog
  3990 | D:6      | Reached skill level 9 in Fighting
  4024 | D:6      | Reached XP level 9. HP: 83/83 MP: 8/8
  4306 | D:6      | Noticed Jeremiah
  4341 | D:6      | Killed Jeremiah
  4867 | D:7      | Reached skill level 10 in Fighting
  4949 | D:7      | Reached skill level 10 in Axes
  4987 | D:7      | Found an ancient bone altar of Kikubaaqudgha.
  4999 | D:7      | Found a shimmering blue altar of Sif Muna.
  5002 | D:7      | Found a radiant altar of Vehumet.
  5031 | D:7      | Found Wegab's Assorted Antiques.
  5086 | D:7      | Bought a potion of curing for 66 gold pieces
  5086 | D:7      | Bought a scroll labelled XUYKHA QEASCHE for 22 gold pieces
  5266 | D:7      | Found a snail-covered altar of Cheibriados.
  5267 | D:7      | Found a basalt altar of Yredelemnul.
  5267 | D:7      | Found a bloodstained altar of Trog.
  5267 | D:7      | Found a glowing golden altar of the Shining One.
  5447 | D:7      | Found a staircase to the Ecumenical Temple.
  5600 | D:8      | Reached skill level 1 in Evocations
  5747 | D:8      | Noticed a two-headed ogre
  5759 | D:8      | Killed a two-headed ogre
  5760 | D:8      | Reached XP level 10. HP: 94/94 MP: 9/9
  5947 | D:8      | Reached skill level 11 in Fighting
  6641 | D:9      | Noticed a cyclops
  6649 | D:9      | Killed a cyclops
  6685 | D:9      | Noticed an orange demon
  6685 | D:9      | Noticed Amaemon
  6704 | D:9      | Found a transporter.
  6720 | D:9      | Killed an orange demon
  6844 | D:9      | Found a broken altar of Ashenzari.
  6888 | D:9      | Found Pusupp's Book Shoppe.
  6952 | D:9      | Noticed a two-headed ogre
  6957 | D:9      | Killed a two-headed ogre
  7208 | D:9      | Killed Amaemon
  7209 | D:9      | Reached skill level 12 in Fighting
  7437 | D:9      | Found a transporter.
  7437 | D:9      | Found Xeumi Gugeg's Antique Weapon Shoppe.
  7446 | D:9      | Found a hide-covered altar of Uskayaw.
  7620 | D:9      | Found Juvveam's Armour Shoppe.
  7627 | D:9      | Reached skill level 5 in Evocations
  7660 | D:9      | Bought a +0 cloak for 63 gold pieces
  7660 | D:9      | Bought a +0 buckler for 63 gold pieces
  7722 | D:10     | Entered Level 10 of the Dungeon
  7928 | D:10     | Reached skill level 1 in Maces & Flails
  7936 | D:10     | Reached skill level 1 in Shields
  8163 | D:10     | Reached XP level 11. HP: 92/105 MP: 10/10
  8356 | D:10     | Reached **** piety under Trog
  8565 | D:10     | Found a staircase to the Orcish Mines.
  8859 | D:10     | Noticed a two-headed ogre
  8865 | D:10     | Killed a two-headed ogre
  9528 | D:11     | Reached skill level 13 in Fighting
  9828 | D:11     | Noticed a two-headed ogre
  9835 | D:11     | Killed a two-headed ogre
  9836 | D:11     | Reached skill level 5 in Maces & Flails
  9848 | D:11     | Reached skill level 5 in Shields
 10141 | D:11     | Noticed an oklob plant
 10144 | D:11     | Noticed a boulder beetle
 10157 | D:11     | Killed a boulder beetle
 10318 | D:11     | Found a roughly hewn altar of Beogh.
 10847 | D:11     | Found a staircase to the Lair.
 10866 | D:11     | Noticed Erolcha
 10878 | D:11     | Killed Erolcha
 10894 | D:11     | Found a runed translucent door.
 10897 | D:11     | Noticed a balrug
 10926 | D:11     | Killed a balrug
 10927 | D:11     | Reached skill level 14 in Fighting
 11297 | D:12     | Reached XP level 12. HP: 114/117 MP: 11/11
 11769 | D:12     | Found a portal to a secret trove of treasure.
 11882 | D:12     | Found a hide-covered altar of Uskayaw.
 11972 | D:13     | Reached ***** piety under Trog
 11980 | D:13     | Identified the ring "Taytili" {*Corrode rC+ Int+5}
 11985 | D:13     | Noticed a centaur warrior
 11995 | D:13     | Killed a centaur warrior
 12127 | D:13     | Noticed a boulder beetle
 12143 | D:13     | Killed a boulder beetle
 12150 | D:13     | Noticed a boulder beetle
 12152 | D:13     | Noticed an ironbound preserver
 12152 | D:13     | Noticed a boulder beetle
 12154 | D:13     | HP: 5/118 [cyclops (5)]
 12154 | D:13     | Mangled by a boulder beetle

Illustrated notes

Levels and vault maps discovered:
D:1:      spicycebolla_green_bress_n_ham, layout_basic, serial_shops, shop
D:2:      layout_loops_ring, shapermc_ecumenical_altar_mp_highgroup,
          serial_shops, nicolae_shop_tiny_real_fake_doors, uniq_robin
D:3:      layout_loops_ring
D:4:      layout_rooms, xom_confusion_cloud, skrybe_limestone_x
D:5:      layout_rooms, minmay_quadrilaterals, uniq_sigmund
D:6:      layout_basic, uniq_jeremiah
D:7:      layout_basic, grunt_temple_overflow_open,
          grunt_temple_overflow_magic_moments, temple_green, serial_shops, shop
D:8:      layout_loops_corners
D:9:      layout_stronghold, nicolae_ashenzari_panopticon, kennysheep_mini,
          serial_shops, nicolae_shop_statue_plus, nicolae_square_shop,
          nicolae_shop_drivethru, uniq_amaemon
D:10:     layout_roguey, erik_orc_2, chequers_serial_rivers_small_3,
          abandoned_shop
D:11:     dreamdust_dug_too_deep, layout_long_grid, dpeg_oklobed_lair,
          special_room [special_room_orc], minmay_orc_keep, uniq_erolcha
D:12:     layout_irregular_city, enter_trove_2, eat_drink_and_be_merry_uskayaw
D:13:     layout_irregular_city, skrybe_vaults_entry_preservation,
          portal_ice_cave_entry_pillars_1

Skill      XL: |  1  2  3  4  5  6  7  8  9 10 11 12 |
---------------+-------------------------------------+-----
Fighting       | 4 5 6 7 9 10 12 14 | 14.8
Axes           | 4 5 6 7 8 10 12 | 12.0
Armour         | 3 4 5 6 8 9 |  9.7
Evocations     | 2 5 |  5.0
Maces & Flails | 1 7 8 |  8.6
Shields        | 1 7 8 |  8.5
Dodging        | |  2.1

Action                     |  1- 3 |  4- 6 |  7- 9 | 10-12 || total
---------------------------+-------+-------+-------+-------++-------
  Melee: Hand axe          |    69 |    61 |   125 |       ||   255
         Headbutt          |     4 |    10 |    38 |   102 ||   154
         Battleaxe         |       |       |    67 |    43 ||   110
         Demon whip        |       |       |       |   363 ||   363
 Invoke: Berserk           |     1 |     1 |     5 |     6 ||    13
         Trog's Hand       |       |       |     4 |     4 ||     8
         Brothers in Arms  |       |       |       |     1 ||     1
    Use: Scroll            |       |       |    17 |     2 ||    19
         Potion            |       |       |       |     1 ||     1
 Armour: Animal skin       |    51 |       |       |       ||    51
         Chain mail        |     7 |     1 |       |       ||     8
         Scale mail        |       |    27 |   170 |   316 ||   513
  Dodge: Dodged            |    44 |    36 |   103 |   157 ||   340
  Block: Buckler           |       |       |       |    59 ||    59

Table legend: (Time is in decaauts)
 A = Elapsed time spent in this place.
 B = Non-inter-level travel time spent in this place.
 C = Inter-level travel time spent in this place.
 D = Time resting spent in this place.
 E = Time spent auto-exploring this place.
 F = Levels seen in this place.
 G = Mean time per level.
                   A        B        C        D        E       F      G
               +--------+--------+--------+--------+--------+-----+--------+
         Total |  12169 |  11870 |    299 |   2347 |   7594 |  13 |  936.1 |
       Dungeon |  12169 |  11870 |    299 |   2347 |   7594 |  13 |  936.1 |
               +--------+--------+--------+--------+--------+-----+--------+

Top non-repeatable levels by time:
    D:10: 1769 daAuts
    D:11: 1715 daAuts
     D:9: 1182 daAuts
     D:5: 1081 daAuts
     D:8: 1018 daAuts
     D:6: 987 daAuts
     D:2: 890 daAuts
     D:4: 746 daAuts
     D:7: 740 daAuts
    D:12: 681 daAuts
     D:3: 620 daAuts
     D:1: 558 daAuts
    D:13: 178 daAuts
